Map: Invader LE

Players

Miszu

  • Race: Terran Terran
  • League: Master

IIIIIIIIlIII - Winner!

  • Race: Terran Terran
  • League: Master

VOD

Have the link to the VOD?

Description

Time

  • Played on: March 28, 2016, 6:30 p.m.
  • Length: 9:47
Show
View Real Time Build Order
Export as new Build Order

Miszu Terran 

Build Orders: Reaper Expand 

Get SALT Encoding   

  12  0:01  SCV  
  13  0:13  SCV  
  14  0:17  Supply Depot  
  14  0:25  SCV  
  15  0:39  SCV  
  15  0:40  Barracks  
  16  0:44  Refinery  
  16  0:51  SCV  
  17  1:04  SCV  
  18  1:18  SCV  
  19  1:29  Reaper  
  20  1:35  Orbital Command  
  20  1:45  Command Center  
  20  1:54  Supply Depot  
  20  2:04  SCV  
  20  2:07  Refinery  
  21  2:08  Barracks Reactor  
  20  2:24  SCV  
  20  2:25  Bunker  
  20  2:26  Marine  
  20  2:29  Factory  
  22  2:36  SCV  
  22  2:44  Marine  
  22  2:49  SCV  
  20  3:02  Marine  
  20  3:14  Hellion  
  16  3:28  Marine  
  16  3:29  SCV  
  18  3:41  SCV  
  19  3:42  Hellion  
  19  3:46  Marine  
  22  3:58  SCV  
  22  3:59  Orbital Command  
  23  4:09  Hellion  
  25  4:10  SCV  
  25  4:12  Marine  
  27  4:22  SCV  
  28  4:30  Hellion  
  30  4:32  SCV  
  30  4:34  SCV  
  32  4:44  Starport  
  32  4:46  SCV  
  32  4:52  Hellion  
  36  4:57  Supply Depot  
  36  4:58  SCV  
  36  5:07  SCV  
  36  5:11  Barracks Tech Lab  
  36  5:13  SCV  
  38  5:19  Hellion, SCV  
  41  5:26  SCV  
  42  5:32  Banshee  
  42  5:33  Cloaking Field  
  42  5:35  SCV  
  46  5:57  Factory Tech Lab  
  46  6:02  Supply Depot  
  46  6:09  Supply Depot  
  46  6:23  Raven, SCV x2  
  50  6:35  SCV x2  
  50  6:38  Cyclone  
  55  6:44  Supply Depot  
  55  6:47  SCV x2  
  57  7:00  SCV x2  
  59  7:10  Siege Tank  
  62  7:19  SCV  
  56  7:35  Viking  
  56  7:36  SCV  
  42  7:53  SCV  
  35  8:05  Viking  
  35  8:06  SCV  
  36  8:18  SCV  
  24  8:30  SCV  
  20  8:38  Orbital Command  
  20  8:40  Banshee  
  21  8:41  Marine  
  21  8:43  SCV  
  21  8:55  SCV  
  12  8:59  Marine  
  10  9:07  SCV  
  8  9:10  SCV  
  8  9:17  Marine  
  8  9:19  SCV  
  8  9:22  SCV  
  9  9:31  SCV  
  9  9:34  SCV  
Show
View Real Time Build Order
Export as new Build Order

IIIIIIIIlIII Terran - Winner!

Build Orders:  

Get SALT Encoding   

  12  0:01  SCV  
  13  0:13  SCV  
  14  0:18  Supply Depot  
  14  0:25  SCV  
  15  0:43  Barracks  
  15  0:44  SCV  
  16  0:54  Barracks  
  17  1:07  Barracks  
  16  1:20  Barracks  
  16  1:30  Marine  
  17  1:36  Orbital Command  
  17  1:41  Marine  
  18  1:48  Marine  
  18  1:53  Supply Depot  
  19  1:58  Marine  
  20  2:03  SCV  
  20  2:07  Marine  
  22  2:12  Marine  
  23  2:16  Marine  
  24  2:27  Marine  
  26  2:30  Supply Depot  
  26  2:32  Marine  
  26  2:36  Bunker  
  26  2:47  Marine  
  27  2:54  Marine  
  24  3:01  Marine  
  24  3:02  Marine  
  24  3:03  SCV  
  24  3:05  Marine  
  25  3:12  Marine  
  26  3:19  Marine  
  28  3:20  Marine  
  25  3:28  Marine, SCV  
  25  3:30  Marine  
  27  3:37  Refinery x2, Marine  
  27  3:38  Marine  
  27  3:40  SCV  
  30  3:46  Marine  
  30  3:48  Marine  
  31  3:55  Marine  
  33  3:57  Marine  
  32  4:04  Marine, SCV  
  32  4:06  Marine  
  35  4:10  Supply Depot  
  35  4:13  Marine  
  35  4:15  Marine  
  35  4:16  SCV  
  38  4:29  Factory  
  38  4:30  SCV  
  38  4:34  Marine x2  
  38  4:41  Marine  
  38  4:42  Marine  
  38  4:43  SCV  
  41  4:49  Supply Depot  
  41  4:54  Marine  
  41  4:55  Marine  
  41  4:58  SCV  
  44  5:02  Marine  
  45  5:13  Starport  
  45  5:14  Factory Tech Lab  
  45  5:24  SCV  
  46  5:35  Siege Tank  
  49  5:38  Supply Depot  
  49  5:40  Marine  
  51  5:43  Marine  
  51  5:46  Marine  
  50  5:54  Medivac  
  52  6:04  Engineering Bay  
  52  6:12  Siege Tank  
  55  6:19  Supply Depot  
  55  6:25  Medivac  
  57  6:35  Missile Turret  
  57  6:39  Marine  
  58  6:42  Marine  
  59  6:55  Viking  
  60  7:05  Marine  
  56  7:22  Marine  
  43  7:26  SCV  
  43  7:27  Viking  
  44  7:49  Marine  
  36  7:55  Marine  
  36  7:58  Marine x2  
  36  8:06  Marine  
  36  8:13  Marine  
  36  8:15  Marine  
  36  8:17  Marine  
  39  8:24  Marine  
  36  8:29  Siege Tank  
  36  8:31  Marine  
  36  8:33  Marine  
  41  8:35  Marine  
  41  8:37  Medivac  
  40  8:43  Marine  
  39  8:49  Marine  
  39  8:51  Marine  
  39  8:54  Marine  
  36  9:01  Marine  
  35  9:07  Marine  
  35  9:09  Marine  
  35  9:12  Marine  
Tags
 
Add a new tag
Caveats
  • Supply blocks, unpowered buildings, or Contaminate may cause inaccurate times.
  • Supply counts are checked every 10 seconds.